 Dungeon Sprint DCSS version 0.28.0-45-g0d030f2227 (webtiles) character file.

Game seed: 17563441880311581423

84117 boopmooplesden the Conqueror (level 14, -1/168 HPs)
             Began as a Minotaur Berserker on Apr 12, 2022.
             Was the Champion of Trog.
             Slain by a guardian mummy (23 damage)
             ... in the Dungeon (Sprint III: "The Ten Rune Challenge").
             The game lasted 00:17:45 (7602 turns).

boopmooplesden the Conqueror (Minotaur Berserker)   Turns: 7602, Time: 00:17:46

Health: -1/168     AC:  9    Str: 23    XL:     14   Next: 40%
Magic:  13/13      EV: 21    Int:  6    God:    Trog [******]
Gold:   2082       SH:  0    Dex: 14    Spells: 13/13 levels left

rFire   . . .      SeeInvis .   A - +3 lajatang (flame)
rCold   . . .      Faith    .   (shield currently unavailable)
rNeg    . . .      Spirit   .   p - +3 troll leather armour {Snorg}
rPois   +          Reflect  .   (helmet unavailable)
rElec   .          Harm     .   (no cloak)
rCorr   +          Rampage  .   (no gloves)
Will    +++..      Clarity  +   (no boots)
Stlth   +++++..... NoTele   +   (no amulet)
HPRegen 2.18/turn               D - ring of resist corrosion
MPRegen 0.13/turn               (no ring)

@: strong-willed, on berserk cooldown, regenerating, slowed, very slow
A: horns 3, retaliatory headbutt, clarity, poison resistance, strong 1,
MP-powered wands
}: 2/10 runes: serpentine, barnacled
a: Renounce Religion, Berserk, Trog's Hand, Brothers in Arms


You were in the Dungeon.
You worshipped Trog.
Trog was exalted by your worship.
You visited 1 branch You collected 2082 gold pieces.

Inventory:

Hand Weapons
 a - a +0 falchion
 n - a +1 long sword of holy wrath
 q - the +7 quarterstaff of the Throat {antimagic, rF+ Will++}
   (Trog gifted it to you in the Dungeon)

   It reduces the magical energy of the wielder, and disrupts the spells and
   magical abilities of those it strikes.
   Natural abilities and divine invocations are not affected.
   rF:        It protects you from fire.
   Will:      It greatly increases your willpower.
 r - a +2 antimagic great sword
 s - a +1 vorpal triple sword
 t - the +4 quarterstaff of Igeur {vorpal, rElec rPois Dex+4}
   (Trog gifted it to you in the Dungeon)

   It inflicts extra damage upon your enemies.
   Dex:       It affects your dexterity (+4).
   rElec:     It insulates you from electricity.
   rPois:     It protects you from poison.
 v - the +5 great sword of Greed {antimagic, Dex+4}
   (Trog gifted it to you in the Dungeon)

   It reduces the magical energy of the wielder, and disrupts the spells and
   magical abilities of those it strikes.
   Natural abilities and divine invocations are not affected.
   Dex:       It affects your dexterity (+4).
 y - a +2 triple sword
 A - a +3 lajatang of flaming (weapon)
 C - a +6 double sword of holy wrath
Armour
 b - a +0 animal skin
 m - a +0 leather armour
 p - a +3 troll leather armour (worn) {Snorg}
 w - a +0 hat
Jewellery
 D - a ring of resist corrosion (left hand)
Wands
 u - a wand of iceblast (11)
 G - a wand of flame (16)
Scrolls
 h - a scroll of blinking
 j - a scroll of holy word {unknown}
 k - 3 scrolls of identify {unknown}
 l - a scroll of immolation {unknown}
Potions
 c - 4 potions of curing
 e - 2 potions of haste
 f - 3 potions of magic
 g - 2 potions of berserk rage
 i - 3 potions of mutation
 x - a potion of brilliance {unknown}
 z - a potion of attraction {unknown}
 B - a potion of cancellation {unknown}
 E - a potion of flight {unknown}
 F - a potion of might
Miscellaneous
 o - a box of beasts


   Skills:
 O Level 27 Fighting
 + Level 17.3 Long Blades
 + Level 24.0 Staves
 + Level 11.4 Armour
 + Level 18.4 Dodging
 + Level 12.4 Stealth
 + Level 3.0 Evocations


You had 13 spell levels left.
You didn't know any spells.
Your spell library was empty.

Dungeon Overview and Level Annotations

Branches:
Dungeon (1/1)

Altars:
Cheibriados
Dithmenos
Elyvilon
Fedhas
Gozag
Hepliaklqana
Kikubaaqudgha
Makhleb
Nemelex Xobeh
Okawaru
Qazlal
Ru
Sif Muna
Trog
Uskayaw
Vehumet
Wu Jian
Xom
Yredelemnul
Zin
The Shining One
Beogh
Jiyva
Lugonu

Shops:
D :!(?:[?


Innate Abilities, Weirdness & Mutations

You have a pair of large horns on your head.
You reflexively headbutt those who attack you in melee.
You possess an exceptional clarity of mind.
Your system is resistant to poisons. (rPois)
Your muscles are strong. (Str +2)
You expend magic power (3 MP) to strengthen your wands.


Message History

The death scarab bites your stone giant but does no damage.
The death scarab bites you!
* * * LOW HITPOINT WARNING * * *
The death scarab draws strength from your injuries!
Your stone giant barely misses the royal mummy.
The royal mummy hits your stone giant!! The death scarab closely misses you.
Your stone giant hits the royal mummy!!!
You feel much better. The death scarab barely misses you.
The death scarab closely misses you.
The death scarab bites your stone giant!
The death scarab drains your stone giant's vigour!
Your stone giant seems to slow down.
Your stone giant hits the royal mummy!!!
The royal mummy gestures wildly while chanting.
The death scarab bites you!
* * * LOW HITPOINT WARNING * * *
The death scarab drains your vigour!
You feel as though you will be slow longer.
The death scarab draws strength from your injuries!
Your stone giant hits the royal mummy!!!
The royal mummy is destroyed!
Trog accepts your kill.
Trog appreciates your killing of a magic user.
Trog grants you a weapon! Something appears at your feet!
You see here a +2 antimagic quarterstaff.
The death scarab disappears in a puff of smoke! x2
The emperor scorpion disappears in a puff of smoke!
You feel extremely nervous for a moment...
You are engulfed in negative energy!
You feel clumsy.
You feel your dexterity returning.
You have mastered Fighting!
Your Staves skill increases to level 24!
Your Stealth skill increases to level 12!
Your Evocations skill increases to level 3!
The guardian mummy hits you!
* * * LOW HITPOINT WARNING * * *
The guardian mummy hits you!!
You die...

▓..#..............#
▓..#..)....^......#
▓..#..##########^.#
▓..#..#..MM.}:?#..#
▓..#..#.MMMM}|[#..#
▓..#..#..MMM)"=#.^#
▓..#..#§.MM.φ):#..#
▓..#..#M########..#
▓..#..#C@.......^.#
▓..'.^#§)§........#
▓##################


You could see a guardian mummy (ally target) and a friendly stone giant
(summoned, berserk, slow).

Vanquished Creatures
  A royal mummy (D)
  Rupert (D)
  A kraken (D)
  2 sphinxes (D)
  Dowan (D)
  A nagaraja (D)
  A vampire knight (D)
  2 dire elephants (D)
  Snorg (D)
  4 mummy priests (D)
  A fire dragon (D)
  A yaktaur captain (D)
  2 hydras (D)
  A naga warrior (D)
  3 anacondas (D)
  3 alligator snapping turtles (D)
  4 dancing weapons (D)
  3 centaur warriors (D)
  4 death yaks (D)
  Urug (D)
  4 skeletal warriors (D)
  A spriggan druid (D)
  A steelbarb worm (shapeshifter) (D)
  An obsidian statue (D)
  A lindwurm (D)
  A deep elf pyromancer (D)
  2 ugly things (D)
  2 elephants (D)
  5 black mambas (D)
  A guardian serpent (D)
  Duvessa (D)
  2 cane toads (D)
  A rime drake (D)
  An unseen horror (D)
  16 guardian mummies (D)
  A komodo dragon (D)
  A queen bee (D)
  4 spriggan defenders (D)
  2 tyrant leeches (D)
  An orc high priest (D)
  3 snapping turtles (D)
  3 slime creatures (D)
  8 blink frogs (D)
  A shadow (D)
  2 spriggans (D)
  3 redbacks (D)
  A spatial vortex (D)
  2 nagas (D)
  2 water moccasins (D)
  3 wandering mushrooms (D)
  A swamp drake (D)
  A necrophage (D)
  2 orc warriors (D)
  2 centaurs (D)
  An earth elemental (D)
  A water elemental (D)
  31 killer bees (D)
  An electric eel (D)
  6 orc priests (D)
  A jelly (D)
  5 necromancers (D)
  A wizard (D)
  3 orc wizards (D)
  A kobold demonologist (D)
  3 humans (D)
  5 adders (D)
  An adder zombie (D)
  A phantom (D)
  9 orcs (D)
  A bat zombie (D)
  4 rats (D)
  2 tentacles (D)
198 creatures vanquished.

Vanquished Creatures (collateral kills)
  A royal mummy (D)
  Gastronok (D)
  An anaconda (D)
  A death drake (D)
  A guardian mummy (D)
  A water moccasin (D)
  A killer bee (D)
  2 adders (D)
  An orc (D)
10 creatures vanquished.

Vanquished Creatures (others)
  A bush (D)
  14 plants (D)
  11 tentacles (D)
26 creatures vanquished.

Grand Total: 234 creatures vanquished

Notes
Turn   | Place    | Note
-------+----------+-------------------------------------------
     0 | D        | boopmooplesden the Minotaur Berserker began the quest for
                  | the Orb.
     0 | D        | Reached XP level 1. HP: 19/19 MP: 0/0
     9 | D        | Reached skill level 4 in Fighting
    91 | D        | Reached ** piety under Trog
   115 | D        | Reached skill level 5 in Fighting
   115 | D        | Reached skill level 5 in Long Blades
   115 | D        | Reached XP level 2. HP: 29/29 MP: 1/1
   227 | D        | Gained mutation: You expend magic power (3 MP) to
                  | strengthen your wands. [potion of mutation]
   227 | D        | Gained mutation: Your muscles are strong. (Str +2) [potion
                  | of mutation]
   227 | D        | Gained mutation: You have hidden genetic potential. [potion
                  | of mutation]
   227 | D        | Gained mutation: Your system is resistant to poisons.
                  | (rPois) [potion of mutation]
   242 | D        | Noticed a water elemental
   246 | D        | Killed a water elemental
   246 | D        | Reached *** piety under Trog
   247 | D        | Reached skill level 7 in Fighting
   247 | D        | Reached XP level 3. HP: 30/39 MP: 2/2
   247 | D        | Reached XP level 4. HP: 36/47 MP: 3/3
   256 | D        | Gained mutation: You have a pair of large horns on your
                  | head. [hidden potential]
   381 | D        | Found a shadowy altar of Dithmenos.
   381 | D        | Noticed a necrophage
   389 | D        | Killed a necrophage
   390 | D        | Reached skill level 8 in Fighting
   390 | D        | Reached skill level 5 in Dodging
   390 | D        | Reached XP level 5. HP: 54/56 MP: 4/4
   390 | D        | Found a basalt altar of Yredelemnul.
   390 | D        | Found a sacrificial altar of Ru.
   410 | D        | Gained mutation: You possess an exceptional clarity of
                  | mind. [hidden potential]
   410 | D        | Lost mutation: You have hidden genetic potential. [hidden
                  | potential expressed]
   586 | D        | Found a hide-covered altar of Uskayaw.
   586 | D        | Found an iron altar of Okawaru.
   588 | D        | Found a bloodstained altar of Trog.
   588 | D        | Found an ornate altar of the Wu Jian Council.
   588 | D        | Noticed a human
   588 | D        | Noticed a human
   591 | D        | Killed a human
   592 | D        | Reached skill level 10 in Fighting
   592 | D        | Reached skill level 10 in Long Blades
   592 | D        | Reached XP level 6. HP: 66/66 MP: 5/5
   594 | D        | Killed a human
   594 | D        | Reached **** piety under Trog
   595 | D        | Reached skill level 11 in Fighting
   595 | D        | Reached skill level 5 in Armour
   713 | D        | Found a radiant altar of Vehumet.
   715 | D        | Found a shimmering blue altar of Sif Muna.
   715 | D        | Found an ancient bone altar of Kikubaaqudgha.
   718 | D        | Reached XP level 7. HP: 74/74 MP: 6/6
   868 | D        | Found a glowing silver altar of Zin.
   868 | D        | Found a glowing golden altar of the Shining One.
   868 | D        | Found a white marble altar of Elyvilon.
   869 | D        | Noticed a deep elf pyromancer
   872 | D        | Killed a deep elf pyromancer
   872 | D        | Reached ***** piety under Trog
   873 | D        | Reached skill level 12 in Fighting
   926 | D        | Noticed a shadow
   930 | D        | Killed a shadow
   931 | D        | Reached XP level 8. HP: 55/85 MP: 7/7
   934 | D        | Reached skill level 13 in Fighting
  1073 | D        | Found a blossoming altar of Fedhas.
  1073 | D        | Found a stormy altar of Qazlal.
  1073 | D        | Found a snail-covered altar of Cheibriados.
  1073 | D        | Found a burning altar of Makhleb.
  1073 | D        | Found a shimmering altar of Xom.
  1074 | D        | Found a hazy altar of Hepliaklqana.
  1074 | D        | Found an opulent altar of Gozag.
  1074 | D        | Found a sparkling altar of Nemelex Xobeh.
  1074 | D        | Found a corrupted altar of Lugonu.
  1074 | D        | Found a viscous altar of Jiyva.
  1110 | D        | Noticed Snorg
  1119 | D        | Killed Snorg
  1120 | D        | Reached skill level 14 in Fighting
  1120 | D        | Reached skill level 15 in Long Blades
  1120 | D        | Reached skill level 10 in Dodging
  1332 | D        | Reached XP level 9. HP: 96/96 MP: 8/8
  1461 | D        | Noticed a centaur warrior
  1470 | D        | Killed a centaur warrior
  1471 | D        | Reached skill level 15 in Fighting
  1471 | D        | Reached skill level 1 in Stealth
  1587 | D        | Killed an unseen horror
  1749 | D        | Reached ****** piety under Trog
  1754 | D        | Identified the +7 quarterstaff of the Throat {antimagic,
                  | rF+ Will++} (Trog gifted it to you in the Dungeon)
  1754 | D        | Received a gift from Trog
  1774 | D        | Received a gift from Trog
  1779 | D        | Reached skill level 1 in Staves
  1788 | D        | Received a gift from Trog
  1789 | D        | Reached skill level 16 in Fighting
  1802 | D        | Reached XP level 10. HP: 101/107 MP: 3/9
  1817 | D        | Received a gift from Trog
  1827 | D        | Reached skill level 5 in Staves
  1832 | D        | Received a gift from Trog
  2026 | D        | Noticed a cane toad
  2026 | D        | Noticed a cane toad
  2031 | D        | Killed a cane toad
  2034 | D        | Killed a cane toad
  2052 | D        | Received a gift from Trog
  2070 | D        | Reached skill level 17 in Fighting
  2070 | D        | Reached skill level 10 in Staves
  2324 | D        | Noticed a lindwurm
  2334 | D        | Killed a lindwurm
  2384 | D        | Identified the +4 quarterstaff of Igeur {vorpal, rElec
                  | rPois Dex+4} (Trog gifted it to you in the Dungeon)
  2384 | D        | Received a gift from Trog
  2386 | D        | Noticed Urug
  2393 | D        | Killed Urug
  2452 | D        | Reached XP level 11. HP: 110/117 MP: 3/10
  2572 | D        | Received a gift from Trog
  2600 | D        | Noticed a dire elephant
  2600 | D        | Noticed a dire elephant
  2600 | D        | Noticed Gastronok
  2610 | D        | Reached skill level 18 in Fighting
  2625 | D        | Killed a dire elephant
  2631 | D        | Killed a dire elephant
  2632 | D        | Reached skill level 15 in Staves
  2633 | D        | Killed Gastronok
  2633 | D        | Identified the +5 great sword of Greed {antimagic, Dex+4}
                  | (Trog gifted it to you in the Dungeon)
  2633 | D        | Received a gift from Trog
  2810 | D        | Noticed an azure jelly
  2810 | D        | Noticed an azure jelly
  2810 | D        | Noticed an azure jelly
  2811 | D        | Noticed an azure jelly
  2813 | D        | Noticed Rupert
  2823 | D        | Killed Rupert
  2857 | D        | Noticed a death yak
  2857 | D        | Noticed a death yak
  2858 | D        | Noticed a death yak
  2859 | D        | Noticed a death yak
  2864 | D        | Killed a death yak
  2865 | D        | Reached skill level 19 in Fighting
  2872 | D        | Killed a death yak
  2878 | D        | Killed a death yak
  2893 | D        | Received a gift from Trog
  2894 | D        | Reached XP level 12. HP: 130/130 MP: 3/11
  2902 | D        | Killed a death yak
  2903 | D        | Reached skill level 15 in Dodging
  2923 | D        | Noticed an anaconda
  2923 | D        | Noticed an anaconda
  2931 | D        | Killed an anaconda
  2931 | D        | Received a gift from Trog
  2935 | D        | Killed an anaconda
  2936 | D        | Reached skill level 20 in Fighting
  3157 | D        | Noticed an anaconda
  3165 | D        | Killed an anaconda
  3165 | D        | Received a gift from Trog
  3169 | D        | Reached skill level 5 in Stealth
  3283 | D        | Noticed an anaconda
  3289 | D        | Killed an anaconda
  3296 | D        | Received a gift from Trog
  3496 | D        | Noticed a naga warrior
  3496 | D        | Noticed a nagaraja
  3514 | D        | Killed a nagaraja
  3515 | D        | Reached skill level 10 in Armour
  3515 | D        | Reached skill level 1 in Evocations
  3517 | D        | Found Kiukexol's Book Boutique.
  3517 | D        | Found Cinikiew's Distillery.
  3521 | D        | Killed a naga warrior
  3888 | D        | Found Qocujan's Antique Weapon Shop.
  3900 | D        | Received a gift from Trog
  3901 | D        | Reached skill level 21 in Fighting
  3909 | D        | Got a serpentine rune of Zot
  4028 | D        | Noticed an eight-headed hydra
  4028 | D        | Noticed a four-headed hydra
  4039 | D        | Killed a five-headed hydra
  4042 | D        | Killed a one-headed hydra
  4204 | D        | Noticed a kraken
  4581 | D        | Killed a kraken
  4633 | D        | Noticed an alligator snapping turtle
  4634 | D        | Found Idaatoos's Antique Armour Boutique.
  4634 | D        | Found Peacwut's Book Shop.
  4634 | D        | Found Goukhef's Magic Scroll Emporium.
  4634 | D        | Noticed an alligator snapping turtle
  4634 | D        | Noticed an alligator snapping turtle
  4656 | D        | Killed an alligator snapping turtle
  4774 | D        | Received a gift from Trog
  4894 | D        | Killed an alligator snapping turtle
  4895 | D        | Reached skill level 22 in Fighting
  4895 | D        | Reached XP level 13. HP: 145/145 MP: 12/12
  4915 | D        | Got a barnacled rune of Zot
  4942 | D        | Found a blossoming altar of Fedhas.
  5060 | D        | Received a gift from Trog
  5070 | D        | Found Tamnyf's Magic Scroll Shop.
  5071 | D        | Received a gift from Trog
  5084 | D        | Received a gift from Trog
  5214 | D        | Noticed Dowan
  5214 | D        | Noticed Duvessa
  5220 | D        | Killed Dowan
  5226 | D        | Killed Duvessa
  5592 | D        | Received a gift from Trog
  5593 | D        | Reached skill level 23 in Fighting
  5911 | D        | Received a gift from Trog
  5922 | D        | Noticed a fire dragon
  5934 | D        | Killed a fire dragon
  6102 | D        | Reached skill level 24 in Fighting
  6199 | D        | Received a gift from Trog
  6429 | D        | Noticed a vampire knight
  6437 | D        | Killed a vampire knight
  6438 | D        | Reached skill level 25 in Fighting
  6598 | D        | Received a gift from Trog
  6624 | D        | Received a gift from Trog
  6747 | D        | Received a gift from Trog
  6812 | D        | Noticed a sphinx
  6812 | D        | Noticed a sphinx
  6828 | D        | Killed a sphinx
  6828 | D        | Received a gift from Trog
  6830 | D        | Killed a sphinx
  6831 | D        | Reached skill level 10 in Stealth
  6831 | D        | Reached XP level 14. HP: 163/163 MP: 13/13
  6836 | D        | Reached skill level 26 in Fighting
  7084 | D        | Received a gift from Trog
  7565 | D        | Noticed a royal mummy
  7565 | D        | Noticed a royal mummy
  7565 | D        | Found the ring of the Hare {EV+8}
  7572 | D        | Received a gift from Trog
  7582 | D        | Killed a royal mummy
  7601 | D        | Killed a royal mummy
  7601 | D        | Received a gift from Trog
  7602 | D        | Reached skill level 27 in Fighting
  7602 | D        | Slain by a guardian mummy

Illustrated notes

Levels and vault maps discovered:
D:        dungeon_sprint_mu [sprint_mu_entry_forest, sprint_mu_temple_rooms,
          sprint_mu_d1_horrors, sprint_mu_d2_genie, sprint_mu_d3_branching,
          sprint_mu_orc_legion, sprint_mu_elf_gauntlet, sprint_mu_hive_nellie,
          sprint_mu_lair_fedhas, sprint_mu_vaults_butterflies,
          sprint_mu_slime_circle, sprint_mu_shoals_kraken,
          sprint_mu_snake_twists, sprint_mu_blade_basic,
          sprint_mu_crypt_chambers, sprint_mu_tomb_spiral,
          sprint_mu_vestibule_basic, sprint_mu_gehenna_hellfire,
          sprint_mu_dis_giant, sprint_mu_tartarus_statrot,
          sprint_mu_cocytus_islands, sprint_mu_zot1]

Skill      XL: |  1  2  3  4  5  6  7  8  9 10 11 12 13 14 |
---------------+-------------------------------------------+-----
Fighting       | 5 7 8 10 11 12 14 16 17 19 22 25 27 | 27.0
Long Blades    | 5 7 9 10 12 13 15 17 | 17.3
Armour         | 3 4 5 6 7 8 9 10 11 | 11.4
Dodging        | 3 4 5 6 7 8 10 12 13 14 16 18 | 18.4
Stealth        | 1 2 4 6 10 12 | 12.4
Staves         | 3 12 18 20 22 24 | 24.0
Evocations     | 2 3 |  3.0

Action                   |  1- 3 |  4- 6 |  7- 9 | 10-12 | 13-15 || total
-------------------------+-------+-------+-------+-------+-------++-------
Melee: Falchion          |    18 |    17 |     2 |       |       ||    37
       Headbutt          |     2 |     5 |    16 |    70 |    53 ||   146
       Long sword        |       |       |    41 |       |       ||    41
       Punch             |       |       |     3 |       |       ||     3
       Quarterstaff      |       |       |    29 |   235 |       ||   264
       Lajatang          |       |       |       |    48 |   219 ||   267
Invok: Berserk           |     2 |     3 |     5 |    12 |     8 ||    30
       Brothers in Arms  |       |       |       |     3 |     3 ||     6
       Trog's Hand       |       |       |       |       |     1 ||     1
Evoke: Box of beasts     |       |       |     1 |     1 |     1 ||     3
       Wand              |       |       |       |     3 |       ||     3
  Use: Potion            |     1 |       |       |       |     2 ||     3
 Stab: Confused          |       |       |       |     1 |       ||     1
       Sleeping          |       |       |       |     2 |    14 ||    16
       Distracted        |       |       |       |       |     2 ||     2
Armor: Animal skin       |     4 |       |       |       |       ||     4
       Leather armour    |       |       |     1 |       |       ||     1
       Troll leather arm |       |       |    21 |    35 |    20 ||    76
Dodge: Dodged            |     8 |     6 |    90 |   189 |    92 ||   385
